 Seeded DCSS version 0.30-a0-738-g116ff8c4af (webtiles) character file.

Game seed: 394332929563463235 (custom seed)

224790 timneilson the Tortoise (level 19, -9/118 HPs)
             Began as a Gargoyle Fighter on Feb 3, 2023.
             Was an Elder of Okawaru.
             Mangled by a peacekeeper (11 damage)
             ... in the Desolation of Salt on Feb 4, 2023.
             The game lasted 01:39:45 (29952 turns).

timneilson the Tortoise (Gargoyle Fighter)         Turns: 29952, Time: 01:39:45

Health: -9/118     AC: 56    Str: 23    XL:     19   Next: 30%
Magic:  22/28      EV: 17    Int:  8    God:    Okawaru [****..]
Gold:   3016       SH: 19    Dex: 24    Spells: 18/18 levels left

rFire   + + +      SeeInvis .    M - +9 double sword (holy)
rCold   + + .      Faith    .    F - +1 kite shield {reflect}
rNeg    + . .      Spirit   .    N - +8 plate armour "Rufus" {+Inv rF+++ rCorr}
rPois   ∞          Reflect  +    W - +2 hat "Xosid" {rC+}
rElec   +          Harm     .    E - +1 cloak {Stlth+}
rCorr   +          Rampage  .    H - +2 pair of gloves {Dex+3}
Will    ++...                    O - +3 pair of mountain boots {steadfast, rC+} Stlth
                                 o - amulet of regeneration
HPRegen 1.19/turn                k - ring of willpower
MPRegen 0.21/turn                G - +6 ring of dexterity

@: heroic, finesse-ful, spiked, flying, hasted, very quick
A: sickness immunity, AC +14, big wings, negative energy resistance 1,
electricity resistance, torment resistance 1, petrification resistance
}: 1/15 runes: serpentine
a: Renounce Religion, Evoke Invisibility, Heroism, Finesse


You were in the Desolation of Salt.
You worshipped Okawaru.
Okawaru was greatly pleased with you.
You visited 6 branches of the dungeon, and saw 29 of its levels.
You also visited: Sewer, Gauntlet and Desolation.

You collected 4319 gold pieces.
You spent 1303 gold pieces at shops.

Inventory:

Hand Weapons
 C - a +1 long sword of flaming
 I - a +2 vampiric scimitar
 M - a +9 double sword of holy wrath (weapon)
Armour
 E - a +1 cloak of stealth (worn)
 F - a +1 kite shield of reflection (worn)
 H - a +2 pair of gloves of dexterity (worn)
 N - the +8 plate armour "Rufus" (worn) {+Inv rF+++ rCorr}
   (You took it off an orc warrior on level 12 of the Dungeon)

   rF:        It renders you almost immune to fire.
   +Inv:      It lets you turn invisible.
   rCorr:     It protects you from acid and corrosion.
 O - the +3 pair of mountain boots (worn) {steadfast, rC+}
   (You found it on level 12 of the Dungeon)

   Steadfast: It prevents involuntary movement, except for blinking,
   teleportation, or banishment.
   rC:        It protects you from cold.
 W - the +2 hat "Xosid" (worn) {rC+}
   (Okawaru gifted it to you on level 5 of the Lair of Beasts)

   rC:        It protects you from cold.
Jewellery
 k - a ring of willpower (left hand)
 o - an amulet of regeneration (around neck)
 z - a ring of positive energy
 G - a +6 ring of dexterity (right hand)
 R - a ring of protection from cold
 S - an amulet of guardian spirit
Wands
 r - a wand of quicksilver (10)
 u - a wand of mindburst (6)
 x - a wand of iceblast (10)
 y - a wand of flame (2)
 D - a wand of paralysis (17)
 T - a wand of polymorph (3)
Scrolls
 a - a scroll of poison
 c - a scroll of enchant armour
 h - 13 scrolls of teleportation
 l - a scroll of amnesia
 m - 3 scrolls of magic mapping
 n - 2 scrolls of fog
 q - 2 scrolls of enchant weapon
 t - 5 scrolls of silence
 B - 19 scrolls of identify
 K - 2 scrolls of blinking
Potions
 b - 6 potions of mutation
 d - 5 potions of might
 e - 8 potions of brilliance
 f - 11 potions of curing
 j - 4 potions of lignification
 s - 2 potions of invisibility
 v - 3 potions of haste
 w - a potion of cancellation
 A - 4 potions of attraction
 L - 4 potions of flight
 P - a potion of resistance
 Q - 3 potions of magic
 U - 3 potions of berserk rage
Miscellaneous
 i - a tin of tremorstones (inert)
 p - a condenser vane
 J - a lightning rod (4/4)


   Skills:
 + Level 12.9(17.9) Fighting
 * Level 14.8(19.8) Long Blades
 * Level 17.5(22.5) Armour
 + Level 9.6(14.6) Dodging
 * Level 17.4(22.4) Shields
 + Level 12.0 Invocations
 + Level 9.9 Evocations


You had 18 spell levels left.
You didn't know any spells.
Your spell library contained the following spells:

 Spells                   Type           Power      Damage    Failure   Level
 Freeze                   Ice            0%         1d3       95%         1
 Kiss of Death            Conj/Necr      0%         2d5       95%         1
 Sting                    Tmut/Pois      0%         1d3       95%         1
 Ensorcelled Hibernation  Hex/Ice        0%         N/A       99%         2
 Passwall                 Tmut/Erth      0%         N/A       99%         2
 Poisonous Vapours        Pois/Air       0%         N/A       99%         2
 Scorch                   Fire           0%         2d5       99%         2
 Confusing Touch          Hex            0%         N/A       100%        3
 Frozen Ramparts          Ice            0%         1d1       100%        3
 Hailstorm                Conj/Ice       0%         3d3       100%        3
 Inner Flame              Hex/Fire       0%         N/A       100%        3
 Swiftness                Air            0%         N/A       100%        3
 Dispel Undead            Necr           0%         3d6       100%        4
 Flame Wave               Conj/Fire      0%         2d4       100%        4
 Leda's Liquefaction      Hex/Erth       0%         N/A       100%        4
 Olgreb's Toxic Radiance  Pois           0%         N/A       100%        4
 Sticky Flame             Conj/Fire      0%         2d3       100%        4
 Freezing Cloud           Conj/Ice/Air   0%         6-21      100%        5
 Lee's Rapid Deconstruct  Erth           0%         3d4*      100%        5
 Polar Vortex             Ice            0%         N/A       100%        9
 Simulacrum               Ice/Necr       Unusable   N/A       N/A         6
 Statue Form              Tmut/Erth      Unusable   N/A       N/A         6
 Summon Cactus Giant      Summ           Unusable   N/A       N/A         6

Dungeon Overview and Level Annotations

Branches:
Dungeon (15/15)            Temple (1/1) D:5            Lair (5/5) D:11
  Swamp (0/4) Lair:3        Snake (4/4) Lair:3        Slime (0/5) Lair:4
    Orc (2/2) D:9             Elf (0/3) Orc:2        Vaults (2/5) D:13
  Crypt (0/3) Vaults:2     Depths (0/4) D:15          Sewer (visited)
Desolation (1/1)          Gauntlet (visited)

Altars:
Ashenzari
Cheibriados
Dithmenos
Elyvilon
Fedhas
Gozag
Hepliaklqana
Kikubaaqudgha
Makhleb
Nemelex Xobeh
Okawaru
Qazlal
Ru
Sif Muna
Trog
Uskayaw
Vehumet
Xom
Yredelemnul
The Shining One
Jiyva

Shops:
D:6 !   D:13 *   Orc:1 ?   Orc:2 ?(:=   Snake:1 =[   Snake:2 **   Snake:3 =:=[

Portals:
Trove: D:12 (give horn of Geryon)


Innate Abilities, Weirdness & Mutations

You are immune to sickness and miasma.
Your stone body is resilient. (AC +14)
You are immune to poison.
Your large and strong wings let you fly.
You resist negative energy. (rN+)
You are resistant to electric shocks. (rElec)
You are resistant to unholy torment.
You are immune to petrification.


Message History

The ragged hierophant is lightly wounded.
You block the saltling's attack.
The peacekeeper roars a battlecry!
The saltlings go into a battle-frenzy!
The peacekeeper roars a battlecry!
The golems go into a battle-frenzy!
The saltling completely misses you. You block the saltling's attack.
You hit the ragged hierophant.
The ragged hierophant is lightly wounded.
You hit the ragged hierophant.
The ragged hierophant is lightly wounded.
The ragged hierophant closely misses you.
You block the peacekeeper's attack. x2
You feel yourself speed up. You block the saltling's attack.
The saltling completely misses you. The saltling barely misses you.
The peacekeeper roars a battlecry!
You block the peacekeeper's attack. x2; The saltling barely misses you.
The ragged hierophant points at you and mumbles some strange words.
A blast of power from the earth and the adjacent constructs strikes you!
* * * LOW HITPOINT WARNING * * *
The saltling hits you but does no damage.
The saltling completely misses you.
You slice the ragged hierophant!!
The ragged hierophant is moderately wounded.
The peacekeeper bites you but does no damage.
You block the peacekeeper's attack.
You hit the ragged hierophant.
The ragged hierophant is heavily wounded.
The saltling misses you.
An ironbound convoker and 3 ragged hierophants come into view.
You barely miss the ragged hierophant.
The ragged hierophant is heavily wounded.
The ragged hierophant shouts!
The ironbound convoker shouts!
You block the saltling's attack. x2
The ragged hierophant closely misses you.
The ragged hierophant casts a spell at you.
A blast of power from the earth and the adjacent constructs strikes you!
* * * LOW HITPOINT WARNING * * *
The peacekeeper bites you!
You die...

...............#
................
..........#.....
#...............
...§............
...§§§§§§...... ##
§§§§#9a...... ####
§9999a......
####..§§§§@9p9a.....
####..§§§.#a##p.....
####..§§..#§§.#.....
####....§.§..§.#....
####.......§.§§.....
####..........§§.###
#####..)#.)...##..
#####..(.##..#...
#####.....####. .


You could see 4 ragged hierophants, 2 ironbound convokers, 2 peacekeepers and 5
saltlings.

Vanquished Creatures
  Xtahua (Vaults:2)
  A golden dragon (Vaults:1)
  Rupert (D:12)
  Agnes (Snake:1)
  Donald (Snake:1)
  11 nagarajas
  A rockslime (Lair:5)
  Louise (Snake:2)
  4 vault wardens
  2 orc warlords
  6 ironbound preservers
  2 war gargoyles (Vaults:2)
  3 ironbound thunderhulks
  The ghost of Valagong the Severer, a journeyman MiFi of Okawaru (Snake:2)
  2 quicksilver oozes (Lair:5)
  A stone giant (D:15)
  A reaper (Lair:2)
  A dire elephant (Vaults:1)
  A minotaur (Gauntlet)
  6 great orbs of eyes
  Josephine (Snake:1)
  4 yaktaur captains
  4 catoblepae
  The ghost of timneilson the Protected, a journeyman GrFi of Okawaru (D:12)
  3 ragged hierophants
  A servant of whispers (Desolation)
  3 ogre magi
  10 hydras
  2 salamander tyrants
  An ironbound frostheart (Vaults:1)
  6 anacondas
  4 centaur warriors
  5 death yaks (Lair:5)
  3 tengu warriors
  3 boulder beetles
  14 two-headed ogres
  20 naga warriors
  Urug (Lair:2)
  3 orc high priests
  A vampire mage (Vaults:2)
  13 naga sharpshooters
  5 shock serpents
  Amaemon (D:9)
  3 salamander mystics
  A hell knight (D:13)
  4 skeletal warriors (D:12)
  7 sea snakes (Snake:4)
  A wizard (Vaults:1)
  An obsidian statue (Snake:2)
  An orange crystal statue (Gauntlet)
  4 lindwurms
  6 naga ritualists
  12 ironbound convokers
  A necromancer (Lair:3)
  22 deep trolls
  An orc knight (D:15)
  An oklob plant (Lair:1)
  12 ugly things
  A mana viper (shapeshifter) (D:15)
  12 mana vipers
  5 orc sorcerers (Orc:2)
  6 cyclopes
  5 manticores
  22 salamanders
  A salamander (shapeshifter) (D:15)
  5 vault sentinels
  6 elephants (Lair:3)
  7 guardian serpents
  37 black mambas
  An orange demon (D:9)
  An unseen horror (D:11)
  16 cane toads
  21 naga magi
  A hellion (Gauntlet)
  2 gargoyles
  An unseen horror (shapeshifter) (D:15)
  A minotaur zombie (Gauntlet)
  18 yaktaurs
  18 komodo dragons
  2 freezing wraiths
  A queen bee (shapeshifter) (D:13)
  2 trolls
  A red devil (Gauntlet)
  3 meliai (D:14)
  2 polar bears
  A wind drake (shapeshifter) (D:14)
  12 blink frogs
  A blink frog (shapeshifter) (D:15)
  11 saltlings
  21 slime creatures
  A spriggan (shapeshifter) (D:13)
  A centaur simulacrum (D:14)
  4 shadows
  Sigmund (D:3)
  2 wyverns
  41 yaks
  7 wraiths
  A human (Lair:2)
  4 basilisks
  3 vampire mosquitoes (D:13)
  3 wargs
  A steam dragon (D:8)
  54 nagas
  6 acid dragons
  13 water moccasins
  Duvessa (D:5)
  2 floating eyes (shapeshifter)
  4 black bears
  A sky beast (D:7)
  28 orc warriors
  An ice beast (D:6)
  10 ogres
  6 wolves (Lair:4)
  2 boggarts (Vaults:1)
  13 centaurs
  6 kobold brigands
  3 necrophages
  8 bullfrogs
  A gnoll sergeant (D:4)
  5 scorpions
  10 wights
  Dowan (D:5)
  A howler monkey (D:7)
  An electric eel (Lair:1)
  5 hounds
  12 jellies
  Crazy Yiuf (D:7)
  21 orc priests
  3 iguanas
  29 orc wizards
  2 yak simulacra (Lair:3)
  2 polar bear simulacra (Lair:3)
  5 wolf simulacra (Lair:3)
  8 gnolls
  7 adders
  A river rat (D:5)
  2 shadow imps (D:5)
  5 worms
  74 orcs
  7 ball pythons
  9 endoplasms
  3 giant cockroaches
  8 goblins
  4 hobgoblins
  3 quokkas
  3 bats
  3 frilled lizards
  39 kobolds
  8 rats
  2 river rat simulacra (Lair:3)
990 creatures vanquished.

Vanquished Creatures (others)
  A death yak (Lair:5)
  A naga warrior (Snake:2)
  Maurice (D:9)
  2 nagas
  A boggart (Vaults:1)
  An orc wizard (Orc:2)
  2 orcs (Orc:2)
  38 fungi
  41 plants
88 creatures vanquished.

Grand Total: 1078 creatures vanquished

Notes
Turn   | Place    | Note
-------+----------+-------------------------------------------
     0 | D:1      | timneilson the Gargoyle Fighter began the quest for the
                  | Orb.
     0 | D:1      | Reached XP level 1. HP: 14/14 MP: 1/1
   187 | D:1      | Reached XP level 2. HP: 19/19 MP: 2/2
   863 | D:2      | Reached XP level 3. HP: 23/23 MP: 3/3
  1452 | D:2      | Reached XP level 4. HP: 21/28 MP: 4/4
  1961 | D:3      | Identified a scroll of acquirement
  1961 | D:3      | Acquired the +0 crystal plate armour of Reason {Rampage
                  | rElec Str-3 Dex+3}
  2023 | D:3      | Found an ancient bone altar of Kikubaaqudgha.
  2023 | D:3      | Found a burning altar of Makhleb.
  2254 | D:3      | Noticed Sigmund
  2285 | D:3      | Killed Sigmund
  2286 | D:3      | Reached skill level 1 in Dodging
  2286 | D:3      | Reached XP level 5. HP: 19/33 MP: 5/5
  2486 | D:3      | Reached XP level 6. HP: 38/38 MP: 6/6
  2619 | D:4      | Noticed a black bear
  2650 | D:4      | Killed a black bear
  2998 | D:4      | Reached skill level 5 in Armour
  3006 | D:4      | Reached skill level 5 in Shields
  3131 | D:4      | Found a shimmering blue altar of Sif Muna.
  3178 | D:4      | Reached XP level 7. HP: 43/43 MP: 7/7
  3721 | D:5      | Entered Level 5 of the Dungeon
  3731 | D:5      | Found a staircase to the Ecumenical Temple.
  3737 | Temple   | Entered the Ecumenical Temple
  3822 | Temple   | Became a worshipper of Warmaster Okawaru
  4024 | D:5      | Found a glowing drain.
  4028 | Sewer    | Entered a sewer
  4432 | D:5      | Found a glowing golden altar of the Shining One.
  4473 | D:5      | Reached skill level 1 in Invocations
  4649 | D:5      | You fall into a shaft and drop 3 floors!
  4668 | D:8      | Reached XP level 8. HP: 48/48 MP: 8/8
  4712 | D:7      | Reached * piety under Okawaru
  4805 | D:7      | Reached skill level 5 in Fighting
  4920 | D:7      | Found a runed translucent door.
  4921 | D:7      | Noticed Crazy Yiuf
  4927 | D:7      | Killed Crazy Yiuf
  5139 | D:6      | Found Eniy's Distillery.
  5234 | D:5      | Reached skill level 5 in Long Blades
  5337 | D:5      | Reached ** piety under Okawaru
  5349 | D:5      | Noticed Duvessa
  5349 | D:5      | Noticed Dowan
  5355 | D:5      | Killed Dowan
  5364 | D:5      | Killed Duvessa
  5365 | D:5      | Reached XP level 9. HP: 45/54 MP: 10/10
  5597 | D:6      | Reached skill level 1 in Evocations
  5646 | D:6      | Found a stormy altar of Qazlal.
  6687 | D:7      | Reached *** piety under Okawaru
  6852 | D:7      | Reached XP level 10. HP: 60/60 MP: 12/12
  7398 | D:8      | Identified the +4 war axe "Uriofeg" {protect, rC+}
  8229 | D:9      | Noticed Maurice
  8250 | D:9      | Killed Maurice
  8265 | D:9      | Acquired 863 gold pieces
  8431 | D:9      | Noticed an orange demon
  8432 | D:9      | Noticed Amaemon
  8447 | D:9      | Killed Amaemon
  8453 | D:9      | Killed an orange demon
  8453 | D:9      | Reached **** piety under Okawaru
  8518 | D:9      | Found a staircase to the Orcish Mines.
  8519 | D:9      | Noticed a two-headed ogre
  8535 | D:9      | Killed a two-headed ogre
  8594 | D:9      | Reached XP level 11. HP: 59/66 MP: 14/14
  8837 | D:10     | Entered Level 10 of the Dungeon
  8847 | D:10     | Reached skill level 5 in Invocations
  9010 | D:10     | Reached ***** piety under Okawaru
  9018 | D:10     | Noticed a white ugly thing
  9026 | D:10     | HP: 2/66 [white ugly thing (35)]
  9035 | D:10     | Killed a white ugly thing
  9153 | D:10     | Received a gift from Okawaru
  9548 | D:11     | Noticed a two-headed ogre
  9550 | D:11     | Noticed a brown ugly thing
  9559 | D:11     | Killed a two-headed ogre
  9573 | D:11     | Killed a brown ugly thing
  9853 | D:11     | Noticed a white ugly thing
  9864 | D:11     | Killed a white ugly thing
 10154 | D:11     | Found a staircase to the Lair.
 10231 | D:11     | Noticed a two-headed ogre
 10242 | D:11     | Killed a two-headed ogre
 10243 | D:11     | Reached skill level 10 in Armour
 10243 | D:11     | Reached skill level 10 in Shields
 10256 | D:11     | Noticed a cyclops
 10266 | D:11     | Killed a cyclops
 10400 | D:11     | Reached skill level 5 in Dodging
 10521 | D:12     | Noticed timneilson's ghost (journeyman GrFi)
 10521 | D:12     | Found a runed translucent gate.
 10521 | D:12     | Found a runed translucent gate.
 10521 | D:12     | Found a runed translucent gate.
 10522 | D:12     | Identified the +8 plate armour "Rufus" {+Inv rF+++ rCorr}
 10700 | D:11     | Reached XP level 12. HP: 72/72 MP: 16/16
 10846 | D:12     | Found a portal to a secret trove of treasure.
 11067 | Lair:1   | Entered Level 1 of the Lair of Beasts
 11132 | Lair:1   | Identified the +3 ring mail of Marbles {+Inv Will+ Str+3}
                  | (Okawaru gifted it to you on level 1 of the Lair of Beasts)
 11132 | Lair:1   | Received a gift from Okawaru
 11665 | Lair:1   | Found a blossoming altar of Fedhas.
 12101 | Lair:2   | Noticed Urug
 12115 | Lair:2   | Killed Urug
 12342 | Lair:2   | Reached skill level 5 in Evocations
 12356 | Lair:2   | Noticed an eight-headed hydra
 12362 | Lair:2   | Killed an eight-headed hydra
 12765 | Lair:2   | Found a runed translucent door.
 13055 | Lair:3   | Found a staircase to the Swamp.
 13127 | Lair:3   | Reached ****** piety under Okawaru
 13137 | Lair:3   | Reached XP level 13. HP: 79/79 MP: 18/18
 13179 | Lair:3   | Found a gate leading to a gauntlet.
 13188 | Gauntlet | Entered a Gauntlet
 13188 | Gauntlet | Found a transporter.
 13191 | Gauntlet | Found a transporter.
 13209 | Gauntlet | Found a transporter.
 13211 | Gauntlet | Found a transporter.
 13231 | Gauntlet | Found a transporter.
 13232 | Gauntlet | Noticed a reaper
 13243 | Gauntlet | Found a runed translucent door.
 13244 | Gauntlet | Found a transporter.
 13248 | Gauntlet | Found a transporter.
 13252 | Gauntlet | Found a transporter.
 13254 | Gauntlet | Found a runed translucent door.
 13256 | Gauntlet | Found a runed translucent door.
 13275 | Gauntlet | Found a transporter.
 13283 | Gauntlet | Found a transporter.
 13291 | Gauntlet | Found a transporter.
 13308 | Gauntlet | Found a transporter.
 13539 | Gauntlet | Identified the +5 pair of boots of Impermeability {Harm}
 13554 | Gauntlet | Identified the ring of Koumoele {rPois rF- rC+ Str+3}
 13591 | Gauntlet | Identified the +0 helmet of the Tanner {Harm rC- rN+ Dex+3}
 13686 | Gauntlet | Noticed a minotaur
 13715 | Gauntlet | Killed a minotaur
 13997 | Lair:3   | Found a staircase to the Snake Pit.
 14584 | Lair:3   | Identified the +1 pair of gloves of Nienge {Harm Fly Regen+
                  | Int-5} (Okawaru gifted it to you on level 3 of the Lair of
                  | Beasts)
 14584 | Lair:3   | Received a gift from Okawaru
 14731 | Lair:4   | Found a staircase to the Slime Pits.
 14737 | Lair:4   | Found a viscous altar of Jiyva.
 15119 | Lair:4   | Reached skill level 10 in Long Blades
 15709 | Lair:5   | Entered Level 5 of the Lair of Beasts
 15848 | Lair:5   | Noticed a rockslime
 15876 | Lair:5   | Killed a rockslime
 15896 | Lair:5   | Noticed a quicksilver ooze
 15904 | Lair:5   | Killed a quicksilver ooze
 15923 | Lair:5   | Gained mutation: Your large and strong wings let you fly.
                  | [Gargoyle growth]
 15923 | Lair:5   | Reached XP level 14. HP: 76/86 MP: 19/19
 15946 | Lair:5   | Noticed a quicksilver ooze
 15966 | Lair:5   | Killed a quicksilver ooze
 16230 | Lair:5   | Identified the +2 hat "Xosid" {rC+} (Okawaru gifted it to
                  | you on level 5 of the Lair of Beasts)
 16230 | Lair:5   | Received a gift from Okawaru
 16552 | Lair:5   | Found a viscous altar of Jiyva.
 17240 | Orc:1    | Entered Level 1 of the Orcish Mines
 17444 | D:9      | Received a gift from Okawaru
 17757 | Orc:1    | Noticed an orc warlord
 17772 | Orc:1    | Killed an orc warlord
 17828 | Orc:1    | Found Varijizeish's Magic Scroll Shop.
 17851 | Orc:2    | Entered Level 2 of the Orcish Mines
 17902 | Orc:2    | Found a staircase to the Elven Halls.
 18018 | Orc:2    | Reached XP level 15. HP: 92/92 MP: 19/21
 18023 | Orc:2    | Reached skill level 10 in Fighting
 18144 | Orc:2    | Paralysed by an orc sorcerer for 3 turns
 18197 | Orc:2    | Found Pekhlyll's Jewellery Shoppe.
 18197 | Orc:2    | Found Osenausa's Antique Weapon Emporium.
 18207 | Orc:2    | Found Pihog's Book Shoppe.
 18207 | Orc:2    | Found Hadghouna's Magic Scroll Emporium.
 18985 | D:12     | Noticed Rupert
 19006 | D:12     | Killed Rupert
 19398 | D:12     | Found the +3 pair of mountain boots {steadfast, rC+}
 19492 | D:12     | Killed timneilson's ghost
 19773 | D:13     | Found a gate to the Vaults.
 19963 | D:13     | Found Igril's Elemental Accessories.
 19971 | D:13     | Bought a tin of tremorstones (2/2) for 480 gold pieces
 20515 | D:14     | Found an iron altar of Okawaru.
 20523 | D:14     | Identified the +6 falchion of Zin's Esteem {speed, rPois
                  | rF++ Will+}
 21294 | D:15     | Entered Level 15 of the Dungeon
 21504 | D:15     | Received a gift from Okawaru
 21770 | D:15     | Reached XP level 16. HP: 91/99 MP: 23/23
 21777 | D:15     | Found a staircase to the Depths.
 22102 | Snake:1  | Entered Level 1 of the Snake Pit
 22496 | Snake:1  | Noticed Donald
 22516 | Snake:1  | Killed Donald
 22554 | Snake:1  | Noticed Agnes
 22570 | Snake:1  | Killed Agnes
 22670 | Snake:1  | Noticed Josephine
 22684 | Snake:1  | Killed Josephine
 22725 | Snake:1  | Found Yziso's Antique Armour Boutique.
 22729 | Snake:1  | Found Yggomoh's Jewellery Boutique.
 23088 | Snake:2  | Noticed Louise
 23112 | Snake:2  | Reached skill level 10 in Invocations
 23145 | Snake:2  | Killed Louise
 23208 | Snake:2  | Received a gift from Okawaru
 23276 | Snake:2  | Reached skill level 15 in Armour
 23535 | Snake:2  | Reached skill level 15 in Shields
 24060 | Snake:2  | Found a runed translucent gate.
 24060 | Snake:2  | Found a runed translucent gate.
 24060 | Snake:2  | Found a runed translucent gate.
 24060 | Snake:2  | Found an opulent altar of Gozag.
 24061 | Snake:2  | Noticed Valagong's ghost (journeyman MiFi)
 24062 | Snake:2  | Found Catt's Assorted Antiques.
 24063 | Snake:2  | Found Yvvuuhak's Assorted Antiques.
 24135 | Snake:2  | Identified the +12 dagger of Crawling {heavy, +Blink Fly
                  | Int-4}
 24305 | Snake:3  | Found Qecrui Anig's Antique Armour Shoppe.
 24380 | Snake:2  | Received a gift from Okawaru
 24540 | Snake:3  | Reached XP level 17. HP: 83/104 MP: 20/24
 24880 | Snake:3  | Received a gift from Okawaru
 25213 | Snake:3  | Found Ixaecwemui's Jewellery Shop.
 25213 | Snake:3  | Found Icionn's Book Emporium.
 25214 | Snake:3  | Found Ohyo's Jewellery Shop.
 25348 | Snake:4  | Entered Level 4 of the Snake Pit
 25651 | Snake:4  | Identified the +1 buckler of the Tired Artists {Contam
                  | Rampage rN+ Will++} (Okawaru gifted it to you on level 4 of
                  | the Snake Pit)
 25651 | Snake:4  | Received a gift from Okawaru
 26773 | Snake:4  | Reached XP level 18. HP: 71/112 MP: 24/26
 26853 | Snake:4  | Got a serpentine rune of Zot
 27169 | Snake:2  | Killed Valagong's ghost
 27210 | Snake:2  | Identified the +6 falchion of Ruuck {freeze, rF++ rN+
                  | Int-4} (Okawaru gifted it to you on level 2 of the Snake
                  | Pit)
 27210 | Snake:2  | Received a gift from Okawaru
 27217 | Snake:2  | Bought a wand of mindburst (6) for 235 gold pieces
 27217 | Snake:2  | Bought a wand of quicksilver (5) for 588 gold pieces
 27700 | Vaults:1 | Entered Level 1 of the Vaults
 28128 | Vaults:1 | Noticed a golden dragon
 28139 | Vaults:1 | Killed a golden dragon
 28514 | Vaults:1 | Received a gift from Okawaru
 29304 | Vaults:1 | Received a gift from Okawaru
 29693 | Vaults:2 | Reached XP level 19. HP: 100/118 MP: 27/27
 29710 | Vaults:2 | Noticed Xtahua
 29739 | Vaults:2 | Paralysed by Xtahua for 3 turns
 29745 | Vaults:2 | Killed Xtahua
 29815 | Vaults:2 | Found a crumbling gateway.
 29824 | Vaults:2 | Identified the +1 chain mail "Dibiet" {rC+ Str+2 Int+2}
 29829 | Desolati | Entered the Desolation of Salt
 29909 | Desolati | Received a gift from Okawaru
 29952 | Desolati | HP: 2/118 [ragged hierophant/a resonance strike (14)]
 29952 | Desolati | Mangled by a peacekeeper

Illustrated notes

Levels and vault maps discovered:
D:1:      matt_arrival_los_fun, layout_rooms, minmay_pentomino_r4
D:2:      layout_loops_corners, chequers_big_river
D:3:      minmay_door_path, layout_rooms, nicolae_overflow_two_pavilions,
          uniq_sigmund
D:4:      layout_basic, general_overflow_altar, lightli_minifort
D:5:      layout_gridville, nicolae_overflow_crystal_walls, temple_green,
          gup_sewer_entry_spiral, uniq_duvessa
D:6:      layout_basic, nicolae_qazlal_style_of_elements, serial_shops, shop,
          corexii_shack
D:7:      layout_loops_corners, uniq_crazy_yiuf_cottage
D:8:      layout_loops_corners
D:9:      layout_rooms, david_orc_5, uniq_amaemon, uniq_maurice
D:10:     layout_roguey, serial_glass, glass_columns_c, glass_columns_a,
          glass_columns_a, glass_columns_a, glass_columns_a, glass_columns_a,
          glass_columns_a, glass_columns_c, glass_columns_a, glass_columns_c,
          small_chamber_with_monster
D:11:     layout_stronghold, david_lair_generic, serial_column_ruins,
          column_ruins_corridor_dead_end, column_ruins_grid_1,
          column_ruins_columns_straight, column_ruins_open_tiny,
          column_ruins_open_small
D:12:     layout_basic, nicolae_trove_entry_crossroad,
          biasface_ghost_orc_armoury, uniq_rupert
D:13:     layout_long_grid, david_vaults_2, dreamdust_mushroom_princess,
          nicolae_elemental_shop
D:14:     layout_loops_corners, okawaru_ov_weapons_minmay, st_stairs_6,
          kennysheep_generic_room_16
D:15:     grunt_enter_depths_snipers, layout_rooms, nicolae_titane
Temple:   minmay_crystal_spiral_temple
Lair:1:   layout_regular_city, chequers_serial_rivers_marsh, tgw_fedhas,
          serial_bayou_shore_a
Lair:2:   layout_regular_city, pdpol_lair_cabin_in_the_woods, uniq_urug
Lair:3:   layout_loops_ring, minmay_swamp_entry_reptiles, dummy_snake_entry,
          gauntlet_entry_generic, eino_house_with_fridge, lemuel_fruit_tree
Lair:4:   layout_cave_pods, slime_entry_1
Lair:5:   evilmike_catoblepas_cave, layout_concentric_octagons, special_room
          [special_room_jelly]
Snake:1:  layout_honeycomb, minmay_shop_star, uniq_donald, uniq_josephine,
          uniq_agnes
Snake:2:  layout_onion_interference, ebering_ghost_gozag, uniq_louise
Snake:3:  layout_rooms, serial_shops, shop, minmay_shop_grove
Snake:4:  grunt_snake_rune_pools, layout_chambers, serial_bayou_shore_b
Orc:1:    layout_caves, serial_shops, nicolae_shop_hallway_stairs,
          minmay_orc_barracks
Orc:2:    st_orc_mages, layout_caves, kennysheep_orc_chapel
Vaults:1: v_misc_31, vaults_room_grunt_arrival_ludios,
          nicolae_vaults_circle_grid_a, vaults_room_door_hall, v_misc_14,
          nicolae_vaults_little_squares_4, vaults_mumra_chevron,
          vaults_room_ringed_pool, hangedman_vaults_nails,
          vaults_room_hangedman_quadrants, ontoclasm_vaults_ligature,
          nicolae_vaults_shelves_hall, layout_vaults_big_cross
Vaults:2: portal_desolation_entry_salt, grunt_vaults_twisty,
          nicolae_vaults_what_the_h, minmay_crypt_entry_simple_statues,
          vaults_mumra_hexcomb, nicolae_vaults_ring_of_whatevers, v_misc_10,
          vaults_room_fours, vaults_mumra_chevron_long, dpeg_vaults_monster_box,
          ontoclasm_vaults_twist, nicolae_vaults_little_squares_3, serial_ice_m,
          nicolae_vaults_asterisk, layout_vaults_big_room, uniq_xtahua
Desolation

Skill      XL: |  1  2  3  4  5  6  7  8  9 10 11 12 13 14 15 16 17 18 19 |
---------------+----------------------------------------------------------+-----
Long Blades    | 2 3 4 5 6 7 8 9 10 11 12 13 14 | 14.8
Armour         | 4 5 6 7 9 10 11 12 13 14 15 16 17 | 17.5
Dodging        | 1 2 3 4 5 6 7 8 9 |  9.6
Shields        | 4 5 6 7 9 10 11 12 13 14 15 16 17 | 17.4
Fighting       | 4 5 6 7 8 9 10 11 12 | 12.9
Invocations    | 1 2 3 4 6 7 8 9 10 11 12 | 12.0
Evocations     | 2 3 4 5 6 7 8 9 |  9.9

Action                     |  1- 3 |  4- 6 |  7- 9 | 10-12 | 13-15 | 16-18 | 19-21 || total
---------------------------+-------+-------+-------+-------+-------+-------+-------++-------
  Melee: Long sword        |   133 |   112 |   383 |   273 |       |       |       ||   901
         Scimitar          |       |       |       |   489 |  1898 |  1063 |       ||  3450
         Double sword      |       |       |       |       |       |  1152 |   149 ||  1301
 Invoke: Heroism           |       |       |       |     4 |    17 |    22 |     4 ||    47
         Finesse           |       |       |       |       |     7 |     6 |     2 ||    15
Ability: Evoke Invisibilit |       |       |       |       |       |     1 |       ||     1
  Evoke: Wand              |       |       |       |     5 |    51 |     1 |       ||    57
         Lightning rod     |       |       |       |     1 |     4 |       |       ||     5
         Condenser vane    |       |       |       |       |     2 |     1 |     1 ||     4
         Tin of tremorston |       |       |       |       |       |     4 |     2 ||     6
    Use: Scroll            |     4 |     8 |     9 |    10 |     7 |    10 |       ||    48
         Potion            |       |     3 |     1 |     4 |     3 |     4 |     2 ||    17
   Stab: Petrified         |       |       |       |       |    55 |       |       ||    55
         Petrifying        |       |       |       |       |     2 |       |       ||     2
         Invisible         |       |       |       |       |       |     2 |       ||     2
 Armour: Scale mail        |    23 |       |       |       |       |       |       ||    23
         Chain mail        |    74 |     1 |       |       |       |       |       ||    75
         Crystal plate arm |       |    90 |   479 |   833 |  1048 |       |       ||  2450
         Skin              |       |    19 |       |       |       |       |       ||    19
         Plate armour      |       |       |       |       |   342 |  1470 |    94 ||  1906
  Dodge: Dodged            |    54 |     9 |    44 |   180 |   581 |  1128 |    89 ||  2085
  Block: Buckler           |    29 |    24 |   139 |   314 |   813 |    31 |       ||  1350
         Kite shield       |       |       |       |       |       |  2297 |   187 ||  2484
         Reflection        |       |       |       |       |       |   198 |     5 ||   203

Table legend: (Time is in decaauts)
 A = Elapsed time spent in this place.
 B = Non-inter-level travel time spent in this place.
 C = Inter-level travel time spent in this place.
 D = Time resting spent in this place.
 E = Time spent auto-exploring this place.
 F = Levels seen in this place.
 G = Mean time per level.
                   A        B        C        D        E       F      G
               +--------+--------+--------+--------+--------+-----+--------+
         Total |  29733 |  27474 |   2259 |    833 |  15490 |  32 |  929.2 |
       Dungeon |  14843 |  13775 |   1068 |    414 |   8518 |  15 |  989.5 |
        Temple |    161 |     86 |     75 |      0 |     24 |   1 |  161.0 |
          Lair |   5807 |   5132 |    675 |     73 |   3165 |   5 | 1161.4 |
     Snake Pit |   4817 |   4530 |    287 |     82 |   2063 |   4 | 1204.2 |
  Orcish Mines |   1243 |   1157 |     86 |      0 |    548 |   2 |  621.5 |
        Vaults |   1840 |   1773 |     67 |    172 |    753 |   2 |  920.0 |
         Sewer |    379 |    379 |      0 |      0 |    250 |   1 |  379.0 |
    Desolation |    102 |    102 |      0 |     14 |      0 |   1 |  102.0 |
      Gauntlet |    537 |    537 |      0 |     78 |    168 |   1 |  537.0 |
               +--------+--------+--------+--------+--------+-----+--------+

Top non-repeatable levels by time:
Vaults:1: 1602 daAuts
 Snake:4: 1551 daAuts
 Snake:2: 1485 daAuts
    D:11: 1280 daAuts
  Lair:2: 1255 daAuts
  Lair:4: 1238 daAuts
     D:7: 1220 daAuts
  Lair:5: 1212 daAuts
     D:2: 1191 daAuts
     D:6: 1150 daAuts
  Lair:1: 1106 daAuts
    D:12: 1105 daAuts
     D:4: 1064 daAuts
    D:14: 1001 daAuts
     D:5: 996 daAuts
